Map: [ESL] Royal Blood

Players

Nice

  • Race: Protoss Protoss
  • Spawn Location: 1:00

Has - Winner!

  • Race: Protoss Protoss
  • Spawn Location: 7:00

Event: ESL SC2 Masters 2023 Summer (Regionals)

VOD

Have the link to the VOD?

Description

Time

  • Played on: June 13, 2023, 6:44 a.m.
  • Length: 7:37

All games in this series

Show
View Real Time Build Order
Export as new Build Order

Nice Protoss 

Build Orders:  

Get SALT Encoding   

  12  0:00  Probe  
  13  0:12  Probe  
  14  0:17  Pylon  
  14  0:24  Probe (Chrono Boost)  
  16  0:36  Gateway  
  16  0:37  Probe (Chrono Boost)  
  16  0:42  Probe (Chrono Boost)  
  16  0:46  Assimilator  
  17  0:51  Probe  
  17  0:56  Assimilator  
  18  1:03  Probe (Chrono Boost)  
  19  1:07  Gateway  
  19  1:13  Probe (Chrono Boost)  
  20  1:18  Probe (Chrono Boost)  
  20  1:24  Cybernetics Core  
  21  1:30  Probe  
  22  1:35  Pylon  
  22  1:42  Probe  
  23  1:54  Probe  
  23  1:59  Pylon  
  23  2:00  Sentry (Chrono Boost)  
  28  2:02  Warp Gate (Chrono Boost)  
  28  2:06  Probe  
  28  2:08  Stalker (Chrono Boost)  
  29  2:18  Stalker (Chrono Boost)  
  31  2:30  Stalker  
  33  2:43  Nexus  
  33  2:46  Probe  
  33  2:48  Sentry  
  37  2:58  Probe  
  37  3:00  Pylon  
  37  3:10  Probe  
  38  3:22  Probe  
  38  3:24  Robotics Facility  
  38  3:25  Gateway  
  39  3:33  Shield Battery  
  39  3:37  Shield Battery  
  39  3:43  Stalker, Sentry  
  43  4:01  Shield Battery  
  43  4:06  Stalker  
  43  4:07  Stalker  
  47  4:11  Immortal (Chrono Boost)  
  51  4:22  Pylon  
  53  4:34  Stalker  
  53  4:35  Probe x2  
  53  4:36  Pylon  
  55  4:39  Observer (Chrono Boost)  
  55  4:44  Pylon  
  56  4:47  Probe  
  56  4:48  Probe  
  58  4:59  Gateway  
  59  5:01  Pylon  
  59  5:04  Warp Prism (Chrono Boost)  
  60  5:11  Stalker  
  62  5:16  Stalker  
  62  5:20  Probe x2  
  66  5:31  Immortal (Chrono Boost)  
  68  5:37  Probe x2  
  68  5:41  Stalker  
  58  5:55  Stalker x2  
  60  5:57  Observer  
  60  5:59  Probe x2  
  60  6:01  Assimilator  
  60  6:02  Assimilator  
  62  6:13  Twilight Council  
  62  6:14  Probe x2  
  62  6:15  Pylon  
  64  6:26  Probe x2  
  64  6:28  Observer (Chrono Boost)  
  64  6:32  Gateway  
  67  6:36  Gateway x2  
  67  6:44  Stalker x2  
  61  6:48  Stalker  
  58  7:07  Stalker x2  
  58  7:13  Stalker  
  59  7:28  Stalker  
  52  7:31  Zealot x3  
Show
View Real Time Build Order
Export as new Build Order

Has Protoss - Winner!

Build Orders: Blink Stalkers 

Get SALT Encoding   

  12  0:00  Probe  
  13  0:12  Probe  
  14  0:17  Pylon  
  14  0:24  Probe (Chrono Boost)  
  16  0:36  Gateway  
  16  0:37  Probe (Chrono Boost)  
  16  0:41  Assimilator  
  16  0:43  Probe (Chrono Boost)  
  17  0:50  Assimilator  
  17  0:54  Probe  
  18  1:03  Gateway  
  18  1:06  Probe  
  19  1:18  Probe  
  19  1:23  Cybernetics Core  
  20  1:30  Probe  
  20  1:32  Pylon  
  21  1:42  Probe  
  22  1:55  Probe  
  22  2:00  Stalker x2  
  27  2:02  Warp Gate  
  27  2:07  Probe  
  28  2:13  Pylon  
  28  2:20  Probe  
  29  2:30  Twilight Council  
  29  2:36  Stalker  
  31  2:37  Stalker  
  33  2:52  Gateway  
  33  3:04  Blink (Chrono Boost)  
  33  3:24  Nexus  
  33  3:33  Gateway  
  33  3:37  Probe  
  34  3:43  Pylon  
  34  3:49  Probe  
  31  4:02  Stalker x2  
  31  4:07  Probe  
  36  4:13  Stalker  
  39  4:27  Stalker x2  
  42  4:34  Charge (Chrono Boost)  
  43  4:44  Stalker  
  46  4:57  Stalker  
  46  4:59  Stalker x2  
  52  5:09  Pylon  
  52  5:10  Probe  
  52  5:13  Stalker  
  53  5:21  Stalker  
  53  5:22  Probe, Stalker  
  57  5:29  Gateway  
  57  5:31  Probe  
  46  5:55  Stalker x4  
  46  5:57  Probe x2  
  54  6:09  Probe x2  
  56  6:16  Pylon  
  56  6:19  Zealot  
  56  6:20  Zealot x3  
  56  6:22  Zealot  
  66  6:26  Pylon  
  66  6:27  Probe x2  
  66  6:52  Zealot  
  66  6:53  Zealot x4  
  68  6:57  Probe  
  59  7:13  Gateway  
  59  7:14  Stalker x5  
  69  7:16  Gateway  
Tags
 
Add a new tag
Caveats
  • Supply blocks, unpowered buildings, or Contaminate may cause inaccurate times.
  • Supply counts are checked every 10 seconds.